 Dungeon Crawl Stone Soup version 0.31-a0-426-g3a05650e59 (webtiles) character file.

Game seed: 4443238200426936329

1408 horus123 the Magician (level 8, 0/41 HPs)
             Began as a Deep Elf Fire Elementalist on July 31, 2023.
             Was a Believer of Vehumet.
             Slain by a kobold brigand
             ... wielding a +0 short sword
              (4 damage)
             ... on level 5 of the Dungeon.
             The game lasted 00:15:43 (3822 turns).

horus123 the Magician (Deep Elf Fire Elementalist)  Turns: 3822, Time: 00:15:46

Health: 0/41       AC:  2    Str:  5    XL:     8   Next: 42%
Magic:  17/19      EV: 12    Int: 23    God:    Vehumet [**....]
Gold:   371        SH:  0    Dex: 15    Spells: 3/19 levels left

rFire   . . .        k - +1 short sword (drain)
rCold   . . .        (no shield)
rNeg    . . .        a - +0 robe
rPois   .            (no helmet)
rElec   .            (no cloak)
rCorr   .            (no gloves)
SInv    .            (no boots)
Will    .....        d - amulet of magic regeneration
Stlth   +            (no ring)
HPRegen 0.26/turn    (no ring)
MPRegen 0.56/turn

%: no passive effects
@: confused, lethally poisoned (0 -> -4), ambrosia-drunk, slowed, very slow
A: no striking features
a: Renounce Religion


You were on level 5 of the Dungeon.
You worshipped Vehumet.
Vehumet was pleased with you.
You visited 2 branches of the dungeon, and saw 6 of its levels.

You collected 371 gold pieces.

Inventory:

Hand Weapons
 k - a +1 short sword of draining (weapon)
Armour
 a - a +0 robe (worn)
Jewellery
 d - an amulet of magic regeneration (around neck)
 i - an amulet of regeneration
 s - a ring of protection from fire
Wands
 u - a wand of charming (9)
 v - a wand of flame (14)
Scrolls
 b - 2 scrolls of fog {unknown}
 c - 3 scrolls of identify {unknown}
 e - 2 scrolls of enchant armour {unknown}
 g - a scroll of poison {unknown}
 l - a scroll of revelation {unknown}
 q - 2 scrolls of blinking {unknown}
 t - a scroll of amnesia {unknown}
Potions
 f - 2 potions of curing {unknown}
 h - a potion of berserk rage {unknown}
 j - a potion of degeneration {unknown}
 m - a potion of ambrosia
 n - a potion of magic
 o - a potion of heal wounds {unknown}
 p - a potion of mutation {unknown}
 r - a potion of enlightenment {unknown}


   Skills:
 - Level 2.4 Dodging
 - Level 2.4 Stealth
 - Level 6.2 Spellcasting
 - Level 5.3 Conjurations
 - Level 5.0 Hexes
 - Level 5.0 Translocations
 - Level 5.2 Fire Magic
 + Level 3.9 Ice Magic


You had 3 spell levels left.
You knew the following spells:

 Your Spells              Type           Power      Damage    Failure   Level
a - Foxfire               Conj/Fire      100%       2x1d9     1%          1
b - Scorch                Fire           62%        2d7       1%          2
c - Inner Flame           Hex/Fire       30%        N/A       3%          3
d - Volatile Blastmotes   Fire/Tloc      60%        2d15      3%          3
e - Flame Wave            Conj/Fire      31%        2d9       10%         4
f - Hailstorm             Conj/Ice       28%        3d8       3%          3

Your spell library contained the following spells:

 Spells                   Type           Power      Damage    Failure   Level
 Magic Dart               Conj           100%       1d8       1%          1
 Freeze                   Ice            100%       1d10      1%          1
 Gell's Gravitas          Tloc           30%        N/A       3%          3
 Teleport Other           Tloc           30%        N/A       3%          3
 Frozen Ramparts          Ice            50%        1d8       4%          3
 Sting                    Tmut/Pois      28%        1d4       9%          1
 Poisonous Vapours        Pois/Air       14%        N/A       13%         2
 Olgreb's Toxic Radiance  Pois           7%         N/A       63%         4
 Dispersal                Tloc           15%        N/A       86%         6


Dungeon Overview and Level Annotations

Branches:
Dungeon (5/15)             Temple (1/1) D:4

Altars:
Ashenzari
Elyvilon
Fedhas
Gozag
Hepliaklqana
Kikubaaqudgha
Makhleb
Nemelex Xobeh
Okawaru
Ru
Trog
Vehumet
Wu Jian
Xom
Yredelemnul
Zin
The Shining One


Message History

Casting: Scorch (safe; 1% risk of failure)
Confirm with . or Enter, or press ? or * to list all spells.
The spell is quite dangerous to miscast (10% risk of failure)!
Continue anyway?
Casting: Flame Wave (quite dangerous; 10% risk of failure)
Press: ? - help, Dir - look around, f - activate A wave of flame ripples out!
The flame wave engulfs the orc priest!
The orc priest is burned terribly!
You kill the orc priest!
Vehumet accepts your kill.
You feel your power returning.
The flame wave engulfs the kobold.
You kill the kobold!
Vehumet accepts your kill. (Press . to intensify the flame waves.)
The kobold brigand throws a curare-tipped dart.
The curare-tipped dart hits you.
You are poisoned.
You have difficulty breathing.
You feel yourself slow down.
A kobold comes into view. It is wielding a +0 club.
A wave of flame ripples out!
The flame wave engulfs the kobold!
You kill the kobold!
Vehumet accepts your kill.
* * * LOW HITPOINT WARNING * * *
You feel very sick.
A wave of flame ripples out!
The flame wave engulfs the kobold brigand!
The kobold brigand is heavily wounded.
Vehumet accepts your kill.
You feel a bit more experienced.
You finish channelling waves of flame.
* * * LOW HITPOINT WARNING * * *
You feel very sick.
The kobold brigand hits you with a +0 short sword!
* * * LOW HITPOINT WARNING * * *
Okay, then.
It was a potion of ambrosia.
You are confused.
You feel invigorated.
* * * LOW HITPOINT WARNING * * *
You feel very sick.
The kobold brigand hits you with a +0 short sword.
You die...

≈≈≈≈≈≈≈≈≈≈~......~≈
≈≈≈≈≈≈≈≈≈≈~......≈≈
##################''####
........# #....#..
.......' #....#..
..†...#########.)..###
#..K.......#..)...#.
#..K.......'......).
#))@.......#...(..#.
...)).)(#########....###
........) #....#..
........#. #....#..
########### ########


You could see a kobold brigand and a kobold.

Vanquished Creatures
  The ghost of bahustanut the Ruffian, an amateur OgSh (D:4)
  Menkaure (D:4)
  An acid dragon (D:5)
  An orc warrior (D:5)
  A black bear (D:4)
  An ogre (D:4)
  A phantom (D:5)
  3 hounds
  2 iguanas (D:5)
  2 orc priests
  Terence (D:2)
  4 orc wizards
  11 gnolls
  3 adders
  A shadow imp (D:5)
  An ufetubus (D:5)
  3 worms
  2 dart slugs (D:4)
  14 orcs
  7 ball pythons
  6 bats
  6 endoplasms
  5 giant cockroaches
  11 goblins
  6 hobgoblins
  4 jackals (D:2)
  2 quokkas
  4 frilled lizards
  33 kobolds
  2 rats (D:2)
140 creatures vanquished.

Vanquished Creatures (collateral kills)
  8 foxfires (D:4)
8 creatures vanquished.

Vanquished Creatures (others)
  361 foxfires
361 creatures vanquished.

Grand Total: 509 creatures vanquished

Notes
Turn   | Place    | Note
-------+----------+-------------------------------------------
     0 | D:1      | horus123 the Deep Elf Fire Elementalist began the quest for
                  | the Orb.
     0 | D:1      | Reached XP level 1. HP: 10/10 MP: 6/6
   260 | D:1      | Reached skill level 4 in Spellcasting
   260 | D:1      | Reached XP level 2. HP: 15/15 MP: 3/9
   268 | D:1      | Learned a level 2 spell: Scorch
   868 | D:2      | Reached skill level 5 in Spellcasting
   868 | D:2      | Reached XP level 3. HP: 19/19 MP: 3/11
   984 | D:2      | Noticed Terence
   992 | D:2      | Killed Terence
  1246 | D:2      | Reached XP level 4. HP: 22/24 MP: 7/13
  1339 | D:2      | Reached skill level 5 in Fire Magic
  1634 | D:2      | Learned a level 3 spell: Inner Flame
  1638 | D:2      | Learned a level 3 spell: Volatile Blastmotes
  1643 | D:2      | Learned a level 4 spell: Flame Wave
  1821 | D:3      | Reached skill level 1 in Hexes
  1821 | D:3      | Reached XP level 5. HP: 28/28 MP: 10/14
  2207 | D:4      | Noticed an ogre
  2211 | D:4      | Killed an ogre
  2212 | D:4      | Reached XP level 6. HP: 32/32 MP: 10/15
  2238 | D:4      | Reached skill level 5 in Hexes
  2243 | D:4      | Reached skill level 1 in Translocations
  2346 | D:4      | Found a staircase to the Ecumenical Temple.
  2435 | D:4      | Found a large runed translucent door.
  2436 | D:4      | Found a large runed translucent door.
  2438 | D:4      | Noticed bahustanut's ghost (amateur OgSh)
  2457 | D:4      | Killed bahustanut's ghost
  2458 | D:4      | Reached XP level 7. HP: 12/36 MP: 9/16
  2721 | D:4      | Found a hazy altar of Hepliaklqana.
  3042 | Temple   | Entered the Ecumenical Temple
  3069 | Temple   | Became a worshipper of Vehumet
  3170 | D:5      | Entered Level 5 of the Dungeon
  3170 | D:5      | Noticed Menkaure
  3249 | D:4      | Reached skill level 5 in Translocations
  3249 | D:4      | Killed Menkaure
  3458 | D:5      | Reached skill level 5 in Conjurations
  3458 | D:5      | Reached XP level 8. HP: 41/41 MP: 14/17
  3462 | D:5      | Learned a level 3 spell: Hailstorm
  3530 | D:5      | Reached * piety under Vehumet
  3530 | D:5      | Offered knowledge of Shock by Vehumet.
  3550 | D:5      | Reached skill level 6 in Spellcasting
  3668 | D:5      | Reached skill level 1 in Ice Magic
  3815 | D:5      | Reached ** piety under Vehumet
  3815 | D:5      | Offered knowledge of Magic Dart by Vehumet.
  3821 | D:5      | HP: 1/41 [kobold brigand/+0 short sword (7)]
  3822 | D:5      | Slain by a kobold brigand

Illustrated notes

Levels and vault maps discovered:
D:1:      sevenhm_arrival_forest_fort_small_4, layout_basic,
          wander_ebering_terrifying_dragon_lair
D:2:      layout_basic, uniq_terence
D:3:      layout_basic
D:4:      layout_loops_cross, mainiacjoe_overflow_concentric_impassable,
          minmay_temple_entry_arrows, ebering_ghost_disaster_area,
          serial_bayou_pond_c, eino_curves_03
D:5:      minmay_goblin_kobold_castle, layout_cave_pools, serial_column_ruins,
          column_ruins_hut, column_ruins_circle_large, column_ruins_open_tiny,
          column_ruins_open_small_water, column_ruins_open_medium,
          column_ruins_grid_2, column_ruins_corridor_straight, serial_shops,
          nicolae_shop_real_fake_doors, hangedman_abyss_or_decor_lesser_grid,
          roderic_roman_lattice, ebering_dispersal_statue_hall, uniq_menkaure
Temple:   nicolae_temple_bog_church

Skill      XL: |  1  2  3  4  5  6  7  8 |
---------------+-------------------------+-----
Spellcasting   | 4 5 6 |  6.2
Fire Magic     | 4 5 |  5.2
Hexes          | 1 4 5 |  5.0
Translocations | 4 5 |  5.0
Conjurations   | 5 |  5.3
Ice Magic      | 3 |  3.9
Dodging        | |  2.4
Stealth        | |  2.4

Action                     |  1- 3 |  4- 6 |  7- 9 || total
---------------------------+-------+-------+-------++-------
  Melee: Unarmed           |     1 |       |       ||     1
         Short sword       |       |     2 |     1 ||     3
   Cast: Foxfire           |    49 |    68 |   101 ||   218
         Scorch            |     3 |    29 |    13 ||    45
         Volatile Blastmot |       |       |     3 ||     3
         Hailstorm         |       |       |     3 ||     3
         Flame Wave        |       |       |     3 ||     3
    Use: Potion            |       |     1 |     1 ||     2
 Armour: Robe              |     3 |     5 |       ||     8
  Dodge: Dodged            |     5 |     3 |    13 ||    21

Table legend: (Time is in decaauts)
 A = Elapsed time spent in this place.
 B = Non-inter-level travel time spent in this place.
 C = Inter-level travel time spent in this place.
 D = Time resting spent in this place.
 E = Time spent auto-exploring this place.
 F = Levels seen in this place.
 G = Mean time per level.
                   A        B        C        D        E       F      G
               +--------+--------+--------+--------+--------+-----+--------+
         Total |   3839 |   3703 |    136 |    661 |   2296 |   6 |  639.8 |
       Dungeon |   3795 |   3673 |    122 |    661 |   2296 |   5 |  759.0 |
        Temple |     44 |     30 |     14 |      0 |      0 |   1 |   44.0 |
               +--------+--------+--------+--------+--------+-----+--------+

Top non-repeatable levels by time:
     D:4: 1141 daAuts
     D:2: 965 daAuts
     D:1: 694 daAuts
     D:3: 523 daAuts
     D:5: 470 daAuts
  Temple: 44 daAuts
